 Dungeon Crawl Stone Soup version 0.18.1-8-gdd0e5ea (webtiles) character file.

5639 M4edhros the Prestidigitator (level 10, -2/70 HPs)
             Began as a Mummy Artificer on June 3, 2016.
             Killed from afar by a starcursed mass (5 damage)
             ... with an accursed screaming
             ... on level 2 of the Abyss.
             The game lasted 00:23:20 (53235 turns).

M4edhros the Prestidigitator (Mummy Artificer)     Turns: 53235, Time: 00:23:21

Health: -2/70      AC: 18    Str: 15 (16) XL:     10   Next: 46%
Magic:  26/26      EV:  5    Int:  9 (11) God:    Xom [...*..]
Gold:   3621       SH:  0    Dex: 15      Spells: 0 memorised, 9 levels left

rFire  + + .     SeeInvis +     n - +0 demon blade (elec)
rCold  + + .     Gourm    .     r - +2 plate armour {rF+}
rNeg   + + +     Faith    .     (no shield)
rPois  ∞         Spirit   .     h - +0 helmet
rElec  .         Dismiss  .     l - +1 cloak
rCorr  .         Reflect  .     u - +2 pair of gloves
SustAt .         Harm     .     (no boots)
MR     +....                    (no amulet)
Stlth  ..........               K - ring of Agnosticism {rF++ rC+ MP+9 Slay-4 SInv}
                                o - ring of wizardry

@: somewhat resistant to hostile enchantments, extremely unstealthy
A: no food or potions, fire vulnerability, cold resistance 1, negative energy
resistance 3, torment resistance, unbreathing
a: Renounce Religion


You were on level 2 of the Abyss.
You worshipped Xom.
You were a favourite toy of Xom.
You were not hungry.

You visited 2 branches of the dungeon, and saw 9 of its levels.
You visited the Abyss 1 time.

You collected 3701 gold pieces.
You spent 80 gold pieces at shops.

Inventory:

Hand Weapons
 a - a cursed +0 short sword
 n - a +0 demon blade of electrocution (weapon)
 s - a +4 falchion of freezing
 C - a +1 trident of venom
 L - a +0 hand axe
 M - a +0 trident
Missiles
 i - 26 arrows
Armour
 h - a +0 helmet (worn)
 l - a +1 cloak (worn)
 r - a +2 plate armour of fire resistance (worn)
 u - a +2 pair of gloves (worn)
 w - a +2 scale mail of cold resistance
 y - the +1 leather armour of Orthodoxy {rElec rPois Regen+ Dex-2}
   (You found it on level 5 of the Dungeon)

   It affects your dexterity (-2).
   It insulates you from electricity.
   It protects you from poison.
   It increases your rate of regeneration.
Jewellery
 f - an uncursed ring of flight
 o - a ring of wizardry (left hand)
 p - an uncursed ring of teleportation
 K - the ring of Agnosticism (right hand) {rF++ rC+ MP+9 Slay-4 SInv}
   (Xom gifted it to you in the Ecumenical Temple)

   [ring of protection from cold]

   It affects your accuracy and damage with ranged weapons and melee attacks
   (-4).
   It greatly protects you from fire.
   It protects you from cold.
   It affects your magic capacity (+9).
   It lets you see invisible.
Wands
 c - a wand of flame (1/48)
 d - a wand of enslavement (7/24)
 e - a wand of random effects (0/48)
 x - a wand of iceblast (0/15)
 A - a wand of teleportation (0/9)
 B - a wand of acid (0/15)
 D - a wand of polymorph (16/24)
Scrolls
 b - 2 scrolls of identify
 g - a scroll of torment {unknown}
 j - a scroll of immolation {unknown}
 k - a scroll of random uselessness {unknown}
 m - 2 scrolls of remove curse
 q - a scroll of fear {unknown}
 t - 2 scrolls of amnesia {unknown}
 v - 2 scrolls of teleportation
 z - a scroll of blinking {unknown}
 F - a scroll of magic mapping {unknown}
 G - a scroll of enchant weapon {unknown}
 H - a scroll of fog {unknown}
 I - 3 scrolls of recharging {unknown}
 J - a scroll of holy word
Books
 E - a Necronomicon

   Spells                             Type                      Level
   a - Haunt                          Necromancy/Summoning         7
   b - Borgnjor's Revivification      Necromancy                   8
   c - Death's Door                   Charms/Necromancy            8
   d - Necromutation                  Transmutation/Necromancy     8


   Skills:
 + Level 3.2 Fighting
 - Level 0.7(4.7) Short Blades
 * Level 7.5(7.6) Long Blades
 + Level 3.2 Dodging
 - Level 0.7 Stealth
 - Level 10.3 Evocations


You had 9 spell levels left.
You didn't know any spells.

Dungeon Overview and Level Annotations

Branches:
Dungeon (8/15)             Temple (1/1) D:7            Lair (0/8) D:8

Altars:
Ashenzari
Cheibriados
Dithmenos
Fedhas
Gozag
Kikubaaqudgha
Makhleb
Nemelex Xobeh
Okawaru
Pakellas
Qazlal
Ru
Sif Muna
Trog
Vehumet
Xom
Zin
The Shining One

Shops:
D:4 [

Annotations:
D:4 Natasha
D:8 F1L1N's ghost, novice DsBe


Innate Abilities, Weirdness & Mutations

You do not eat or drink.
Your flesh is vulnerable to fire.
You are immune to poison.
Your flesh is cold resistant.
You are immune to negative energy.
You are immune to unholy pain and torment.
You can survive without breathing.


Message History

Something holds its ground!
Your thrashing horror tramples something but does no damage.
Something pecks your thrashing horror.
Your thrashing horror is destroyed!
You hear a horrible gurgling sound!
Unknown command.
You are suddenly pulled into a different region of the Abyss!
A starcursed mass comes into view.
A starcursed mass splits.
A starcursed mass splits.
A chorus of shrieks assaults your mind.
* * * LOW HITPOINT WARNING * * *
"Serve the mortal, my child!"
A starcursed mass splits.
A chaos spawn comes into view.
The starcursed mass shrieks in your mind.
* * * LOW HITPOINT WARNING * * *
The starcursed mass shrieks in your mind.
You die...
Xom howls with laughter!

#.....#.#.....#.
#..####X#.# #
###...#..#.##
..#.....#..#.#
#.....##...##
##.#....#..#
...#.#.5...## ##
####.....##
#..#@...#
#.....#.....
#..##.# ##..
#.... .# ##.#.
#. ## # .# ..
.#.


You could see a starcursed mass and a friendly shadow imp.

Vanquished Creatures
  The ghost of Rationalist the Ducker, a novice MiBe of Trog (D:6)
  Pikel (D:7)
  The ghost of n0ize the Skirmisher, a novice CeFi of Okawaru (D:5)
  A troll (D:6)
  A wraith (D:6)
  The ghost of Lebecks the Skirmisher, an amateur DsBe of Trog (D:4)
  2 orc warriors
  3 sky beasts
  A black bear (D:8)
  An ice beast (D:7)
  3 phantoms
  2 ogres
  A wolf (D:7)
  4 giant frogs
  3 scorpions
  4 killer bees (D:7)
  4 wights
  An electric eel (D:8)
  2 giant frog zombies (D:6)
  3 crimson imps
  A centaur skeleton (D:6)
  10 hounds
  A jelly (D:6)
  7 orc wizards
  4 orc priests
  An iron imp (D:6)
  Jessica (D:6)
  Terence (D:3)
  2 iguanas
  Natasha (D:4)
  9 worker ants
  A killer bee zombie (D:7)
  3 worker ant zombies (D:6)
  Robin (D:3)
  7 gnolls
  A howler monkey skeleton (D:6)
  10 adders
  2 shadow imps
  3 oozes
  An adder zombie (D:6)
  2 adder skeletons
  2 worms
  A dart slug (D:1)
  4 giant geckos
  30 orcs
  4 ball pythons
  7 bats (D:1)
  7 giant cockroaches
  10 goblins
  14 hobgoblins
  11 jackals
  6 kobolds
  A quokka (D:7)
  A giant gecko skeleton (D:4)
  6 giant newts
  3 goblin zombies (D:6)
  A jackal zombie (D:5)
  2 kobold skeletons (D:6)
  A kobold zombie (D:6)
  An orc skeleton (D:6)
  5 rats
226 creatures vanquished.

Vanquished Creatures (collateral kills)
  2 slaves (D:7)
  A scorpion (D:5)
  An orc priest (D:7)
  A hound (D:7)
  An adder (D:3)
  An ooze (D:7)
  2 hobgoblins (D:3)
  2 giant newts
11 creatures vanquished.

Vanquished Creatures (others)
  A thrashing horror (Abyss:2)
  A killer bee (D:7)
  An orc priest (D:7)
  A worker ant (D:5)
4 creatures vanquished.

Grand Total: 241 creatures vanquished

Notes
Turn   | Place    | Note
--------------------------------------------------------------
     0 | D:1      | M4edhros the Mummy Artificer began the quest for the Orb.
     0 | D:1      | Reached XP level 1. HP: 15/15 MP: 2/2
   348 | D:1      | Reached XP level 2. HP: 14/21 MP: 4/4
   355 | D:1      | Reached skill level 3 in Evocations
   654 | D:1      | Reached XP level 3. HP: 17/26 MP: 5/5
  1390 | D:4      | Reached skill level 4 in Evocations
  1413 | D:4      | Reached XP level 4. HP: 17/32 MP: 7/7
  1594 | D:4      | Noticed Lebecks's ghost (amateur DsBe)
  1814 | D:3      | Noticed Natasha
  1937 | D:3      | Noticed Terence
  1947 | D:3      | Killed Terence
  1969 | D:3      | Found a shattered altar of Ashenzari.
  2106 | D:4      | Reached XP level 5. HP: 35/37 MP: 8/8
  2190 | D:4      | Killed Lebecks's ghost
  2190 | D:4      | Reached skill level 5 in Evocations
  2190 | D:4      | Reached XP level 6. HP: 3/43 MP: 9/9
  2451 | D:4      | Killed Natasha
  2510 | D:5      | Entered Level 5 of the Dungeon
  2615 | D:5      | Noticed n0ize's ghost (novice CeFi)
  2621 | D:4      | Found Fecoul's Antique Armour Shop.
  2624 | D:4      | Bought a shiny scale mail for 80 gold pieces
  3011 | D:4      | Reached XP level 7. HP: 35/48 MP: 11/11
  3122 | D:4      | Noticed Natasha
  3870 | D:5      | HP: 1/48 [n0ize's ghost (7)]
  3892 | D:5      | Killed n0ize's ghost
  3892 | D:5      | Reached skill level 5 in Long Blades
  3892 | D:5      | Reached skill level 6 in Evocations
  3892 | D:5      | Reached XP level 8. HP: 5/54 MP: 12/12
  4280 | D:5      | Found an iron altar of Okawaru.
  4488 | D:5      | Got a shimmering leather armour
  4499 | D:5      | Identified the +1 leather armour of Orthodoxy {rElec rPois Regen+ Dex-2} (You found it on level 5 of the Dungeon)
  5516 | D:6      | Reached skill level 7 in Evocations
  5721 | D:6      | Reached XP level 9. HP: 9/59 MP: 14/14
  5928 | D:6      | Noticed Rationalist's ghost (novice MiBe)
  6024 | D:6      | Noticed a troll
  6040 | D:6      | Reached skill level 8 in Evocations
  6041 | D:6      | Killed a troll
  6273 | D:6      | Reached skill level 9 in Evocations
  6450 | D:7      | Found a staircase to the Ecumenical Temple.
  6518 | Temple   | Entered the Ecumenical Temple
  6725 | D:7      | Found an oddly glowing altar of Pakellas.
  6746 | D:7      | Noticed Pikel
  6775 | D:7      | Killed Pikel
  6775 | D:7      | Reached skill level 10 in Evocations
  6989 | D:8      | Reached XP level 10. HP: 25/65 MP: 17/17
  7049 | D:8      | Noticed F1L1N's ghost (novice DsBe)
  8070 | D:3      | Noticed Robin
  8104 | D:3      | Killed Robin
  8401 | D:6      | Killed Rationalist's ghost
  8484 | D:6      | Found a stormy altar of Qazlal.
  8657 | D:6      | Found a glowing golden altar of the Shining One.
  8762 | D:6      | Noticed Jessica
  8772 | D:6      | Found a deep blue altar of Sif Muna.
  8803 | D:6      | Killed Jessica
  9110 | D:7      | Got a scorched leather armour
  9111 | D:7      | Identified the +4 leather armour "Coel" {-Tele rN+ Int+3} (You found it on level 7 of the Dungeon)
  9358 | D:8      | Noticed an angel
  9359 | D:8      | Found a glowing silver altar of Zin.
  9360 | D:8      | Found a shimmering altar of Xom.
 10033 | D:8      | Found a staircase to the Lair.
 10267 | D:8      | Became a worshipper of Xom of Chaos
 10576 | Temple   | XOM: silly message
 10695 | Temple   | XOM: silly message
 10913 | Temple   | XOM: harmless Chrm miscast
 11215 | Temple   | XOM: harmless Fire miscast
 11739 | Temple   | XOM: harmless Chrm miscast
 11901 | Temple   | XOM: god gift: 2850 gold pieces
 11980 | Temple   | XOM: vitrification
 12001 | Temple   | XOM: god gift: scroll labeled SAYSKOOXTY
 12010 | Temple   | XOM: medium Necr miscast
 12048 | Temple   | XOM is BORED!
 12048 | Temple   | XOM: medium Erth miscast
 12294 | Temple   | XOM: god gift: 3 gold pieces
 12560 | Temple   | XOM: harmless Summ miscast
 12571 | Temple   | XOM: mild Conj miscast
 13311 | Temple   | XOM: 1-stop teleportation journey
 13580 | Temple   | XOM: 1-stop teleportation journey
 13865 | Temple   | XOM: mild Conj miscast
 13900 | Temple   | XOM: harmless Erth miscast
 14264 | Temple   | XOM is BORED!
 14264 | Temple   | XOM: stat loss: -1 Int (10/11)
 14427 | Temple   | XOM: harmless Necr miscast
 14519 | Temple   | XOM: harmless Summ miscast
 14975 | Temple   | XOM: medium Summ miscast
 15069 | D:7      | XOM: noise
 15414 | Temple   | XOM: god gift: fuming ruby potion
 16102 | Temple   | XOM: god gift: 26 arrows
 17198 | Temple   | XOM is BORED!
 17198 | Temple   | XOM: mild Erth miscast
 18006 | Temple   | XOM: 3-stop teleportation journey
 18016 | Temple   | XOM: cast spell 'Summon Butterflies'
 18138 | Temple   | XOM: divination: magic mapping
 19468 | Temple   | XOM: noise
 19528 | Temple   | XOM: medium Trmt miscast
 19936 | Temple   | XOM: mild Air miscast
 20328 | Temple   | XOM: medium Air miscast
 21036 | Temple   | XOM: cast spell 'Summon Butterflies'
 21179 | Temple   | XOM: medium Chrm miscast
 22842 | Temple   | XOM: harmless Necr miscast
 23023 | Temple   | XOM: harmless Tloc miscast
 23350 | Temple   | XOM: noise
 23605 | Temple   | XOM: harmless Chrm miscast
 24321 | Temple   | XOM: harmless Divn miscast
 24486 | Temple   | XOM is BORED!
 24486 | Temple   | XOM: noise
 24530 | Temple   | XOM: divination: detect creatures
 24577 | Temple   | XOM: silly message
 25183 | Temple   | XOM: colour smoke trail
 25809 | Temple   | XOM is BORED!
 25906 | Temple   | XOM: silly message
 26373 | Temple   | XOM: harmless Tloc miscast
 26740 | Temple   | XOM: silly message
 26870 | Temple   | XOM: colour smoke trail
 26907 | Temple   | XOM: mild Tloc miscast
 27113 | Temple   | XOM: medium Trmt miscast
 28064 | Temple   | XOM: harmless Fire miscast
 29027 | Temple   | XOM is BORED!
 29027 | Temple   | XOM: medium Tloc miscast
 29075 | Temple   | XOM: silly message
 29147 | Temple   | XOM: harmless Air miscast
 29276 | Temple   | XOM is BORED!
 29276 | Temple   | XOM: harmless Necr miscast
 30567 | Temple   | XOM is BORED!
 30567 | Temple   | XOM: severe Chrm miscast
 30567 | Temple   | Paralysed by the severe capriciousness of Xom for 2 turns
 30588 | Temple   | XOM: severe Chrm miscast
 31645 | Temple   | XOM: summons 1 hostile demon
 31650 | Temple   | XOM: polymorph shadow imp -> ufetubus
 32838 | Temple   | XOM: summons 5 hostile demons
 32967 | Temple   | XOM: summons 5 hostile demons
 34519 | Temple   | XOM: harmless Summ miscast
 34555 | Temple   | XOM: stat loss: -1 Str (15/16)
 35927 | Temple   | XOM: god gift: scroll labeled PIANOCAPED
 35929 | Temple   | Identified a scroll of acquirement
 36009 | Temple   | XOM is BORED!
 36836 | Temple   | XOM: colour smoke trail
 37401 | Temple   | XOM: noise
 38317 | Temple   | XOM is BORED!
 38643 | Temple   | XOM: colour smoke trail
 39143 | Temple   | XOM: colour smoke trail
 39411 | Temple   | XOM: harmless Tloc miscast
 40439 | Temple   | XOM: harmless Divn miscast
 40773 | Temple   | XOM is BORED!
 40879 | Temple   | XOM: mild Chrm miscast
 41164 | Temple   | XOM: god gift: 5 meat rations
 41354 | Temple   | XOM: harmless Fire miscast
 43129 | Temple   | XOM: 2-stop teleportation journey
 43558 | Temple   | XOM: god gift: short sword {god gift}
 43658 | Temple   | XOM: god gift: short glass wand {god gift}
 45136 | Temple   | XOM: god gift: blowgun {god gift}
 45533 | Temple   | XOM: god gift: heavily runed golden ring {god gift}
 45534 | Temple   | Got a heavily runed golden ring {god gift}
 45536 | Temple   | Identified the ring of Agnosticism {rF++ rC+ MP+9 Slay-4 SInv} (Xom gifted it to you in the Ecumenical Temple)
 45547 | Temple   | XOM: 6-stop teleportation journey
 46125 | Temple   | XOM: mild Conj miscast
 46334 | Temple   | XOM: noise
 46405 | Temple   | XOM: divination: magic mapping
 46656 | Temple   | XOM: cast spell 'Summon Butterflies'
 46879 | Temple   | XOM is BORED!
 46879 | Temple   | XOM: summons 1 hostile demon
 47388 | Temple   | XOM: 4-stop teleportation journey
 47682 | Temple   | XOM: colour smoke trail
 47796 | Temple   | XOM is BORED!
 48168 | Temple   | XOM: silly message
 48946 | Temple   | XOM: medium Ice miscast
 49315 | Temple   | XOM: summons 1 hostile demon
 49969 | Temple   | XOM: noise
 50263 | Temple   | XOM: god gift: 39 gold pieces
 50280 | Temple   | XOM: medium Air miscast
 50480 | Temple   | XOM: summons 4 hostile demons
 50795 | Temple   | XOM: noise
 51483 | Temple   | XOM: summons 5 hostile demons
 52661 | Temple   | XOM: harmless Divn miscast
 52953 | Temple   | XOM: stat loss: -1 Int (9/11)
 53109 | Temple   | XOM: severe Tloc miscast
 53109 | Temple   | Cast into level 2 of the Abyss (the severe capriciousness of Xom)
 53163 | Abyss:2  | XOM: god gift: hand axe {god gift}
 53175 | Abyss:2  | XOM: god gift: trident {god gift}
 53177 | Abyss:2  | Noticed a thrashing horror
 53184 | Abyss:2  | XOM: summons 9 friendly demons
 53185 | Abyss:2  | Noticed a hell hog
 53186 | Abyss:2  | Noticed a white very ugly thing
 53187 | Abyss:2  | Noticed a hell hog
 53223 | Abyss:2  | Noticed a starcursed mass
 53227 | Abyss:2  | XOM: summons friendly shadow imp
 53234 | Abyss:2  | HP: 3/70 [starcursed mass/accursed screaming (6)]
 53235 | Abyss:2  | Killed from afar by a starcursed mass

Skill      XL: |  1  2  3  4  5  6  7  8  9 10 |
---------------+-------------------------------+-----
Evocations     | 3 4 5 6 7 10 | 10.3
Long Blades    | 2 3 5 6 7 |  7.5
Dodging        | 3 |  3.2
Fighting       | 3 |  3.2
Short Blades   | |  0.7
Stealth        | |  0.7

Action                   |  1- 3 |  4- 6 |  7- 9 | 10-12 || total
-------------------------+-------+-------+-------+-------++-------
Melee: Short sword       |   166 |    32 |       |       ||   198
       Falchion          |       |    86 |   359 |   294 ||   739
       Trident           |       |       |    76 |       ||    76
       Demon blade       |       |       |       |    50 ||    50
Evoke: Wand              |     5 |    16 |    26 |     3 ||    50
  Use: Scroll            |       |     1 |     3 |     4 ||     8
 Stab: Paralysed         |       |     4 |       |       ||     4
       Distracted        |       |       |     1 |       ||     1
       Sleeping          |       |       |     1 |       ||     1
Armor: Leather armour    |    15 |       |   146 |   107 ||   268
       Ring mail         |    26 |       |       |       ||    26
       Scale mail        |    50 |    51 |    62 |       ||   163
       Plate armour      |       |       |       |   175 ||   175
Dodge: Dodged            |    90 |    51 |   283 |   201 ||   625
